MWL (24 & UNDER)
ERIE JAXX @ EVANSTON ELITISTS
04/06/2028
 
TOP OF THE 1ST
Erie Jaxx batting - Pitching for Evanston Elitists : RHP Luis Castillo
Pitching: RHP Luis Castillo
Batting: LHB Kyle Robbins 0-0: Ground out 4-3 (Groundball, 4)
Batting: SHB José Durango 0-0: Called Strike
0-1: Ball
1-1: Swinging Strike
1-2: Ball
2-2: Ground out 6-3 (Groundball, 6)
Batting: SHB Michael Field 0-0: Ball
1-0: Ball
2-0: Called Strike
2-1: Ball
3-1: Foul Ball, location: 2F
3-2: Ground out 3-1 (Groundball, 34)
Top of the 1st over - 0 run(s), 0 hit(s), 0 error(s), 0 left on base; Erie 0 - Evanston 0
BOTTOM OF THE 1ST
Evanston Elitists batting - Pitching for Erie Jaxx : LHP Gary Fox
Pitching: LHP Gary Fox
Batting: LHB Jean-Sébastien Beaudin 0-0: Ball
1-0: Ball
2-0: Called Strike
2-1: Called Strike
2-2: Ball
3-2: Base on Balls
Batting: RHB Henry Morris 0-0: SINGLE (Groundball, 56D)
Jean-Sébastien Beaudin to second
Batting: RHB Wilfred Martin 0-0: Ball
1-0: Ball
2-0: Called Strike
2-1: Ball
3-1: Base on Balls
Jean-Sébastien Beaudin to third
Henry Morris to second
Batting: LHB Luis Rodríguez 0-0: Ball
1-0: Ball
2-0: Ball
3-0: Foul Ball, location: 2F
3-1: Base on Balls
Jean-Sébastien Beaudin scores
Henry Morris to third
Wilfred Martin to second
Batting: RHB Miguel Toro 0-0: DOUBLE (Groundball, 5L)
Henry Morris scores
Wilfred Martin scores
Luis Rodríguez to third
Batting: RHB António Martínez 0-0: Called Strike
0-1: Called Strike
0-2: Foul Ball, location: 2F
0-2: Strikes out looking
Batting: SHB Jacob Wilcox 0-0: Foul Ball, location: 2F
0-1: Ball
1-1: Ball
2-1: Ground out 1-3 (Groundball, 13S)
Batting: LHB Javier Mejía 0-0: Called Strike
0-1: Ball
1-1: Foul Ball, location: 2F
1-2: Ground out 4-3 (Groundball, 34)
Bottom of the 1st over - 3 run(s), 2 hit(s), 0 error(s), 2 left on base; Erie 0 - Evanston 3
TOP OF THE 2ND
Erie Jaxx batting - Pitching for Evanston Elitists : RHP Luis Castillo
Batting: RHB José Hernández 0-0: Ball
1-0: Foul Ball, location: 2F
1-1: Fly out, F9 (Flyball, 9S)
Batting: RHB Ángel Serrano 0-0: Ball
1-0: Swinging Strike
1-1: Ball
2-1: Ground out 5-3 (Groundball, 25)
Batting: RHB Andrés Silva 0-0: Ball
1-0: Called Strike
1-1: Ball
2-1: Called Strike
2-2: Ball
3-2: Foul Ball, location: 2F
3-2: Foul Ball, location: 2F
3-2: Strikes out swinging
Top of the 2nd over - 0 run(s), 0 hit(s), 0 error(s), 0 left on base; Erie 0 - Evanston 3
BOTTOM OF THE 2ND
Evanston Elitists batting - Pitching for Erie Jaxx : LHP Gary Fox
Batting: RHB Jorge Calderón 0-0: Foul Ball, location: 2F
0-1: Ball
1-1: Called Strike
1-2: Strikes out swinging
Batting: LHB Jean-Sébastien Beaudin 0-0: Ball
1-0: Ball
2-0: Foul Ball, location: 2F
2-1: Called Strike
2-2: Foul Ball, location: 2F
2-2: Strikes out swinging
Batting: RHB Henry Morris 0-0: Ball
1-0: Foul Ball, location: 2F
1-1: Ball
2-1: Fly out, F7 (Line Drive, 7)
Bottom of the 2nd over - 0 run(s), 0 hit(s), 0 error(s), 0 left on base; Erie 0 - Evanston 3
TOP OF THE 3RD
Erie Jaxx batting - Pitching for Evanston Elitists : RHP Luis Castillo
Batting: RHB Ed Keesee 0-0: Ball
1-0: Swinging Strike
1-1: SINGLE (Line Drive, 78S)
Batting: RHB Alfredo Ramírez 0-0: Ball
1-0: Ball
2-0: Called Strike
2-1: Ground out U3 (Groundball, 34S)
Ed Keesee to second
Batting: RHB Júlio Hernández 0-0: Called Strike
Ed Keesee is caught stealing 3rd base
0-1: Foul Ball, location: 2F
0-2: Ball
1-2: Ball
2-2: Strikes out swinging
Top of the 3rd over - 0 run(s), 1 hit(s), 0 error(s), 0 left on base; Erie 0 - Evanston 3
BOTTOM OF THE 3RD
Evanston Elitists batting - Pitching for Erie Jaxx : LHP Gary Fox
Batting: RHB Wilfred Martin 0-0: Ball
1-0: Ball
2-0: Fly out, F7 (Flyball, 7)
Batting: LHB Luis Rodríguez 0-0: Ball
1-0: Ground out 4-3 (Groundball, 4)
Batting: RHB Miguel Toro 0-0: DOUBLE (Groundball, 5L)
Batting: RHB António Martínez 0-0: Called Strike
0-1: Ball
1-1: Ball
2-1: Called Strike
2-2: Ball
3-2: Foul Ball, location: 2F
3-2: Strikes out swinging
Bottom of the 3rd over - 0 run(s), 1 hit(s), 0 error(s), 1 left on base; Erie 0 - Evanston 3
TOP OF THE 4TH
Erie Jaxx batting - Pitching for Evanston Elitists : RHP Luis Castillo
Batting: LHB Kyle Robbins 0-0: Ball
1-0: Called Strike
1-1: Foul Ball, location: 2F
1-2: Strikes out swinging
Batting: SHB José Durango 0-0: SINGLE (Line Drive, 6D)
Batting: SHB Michael Field 0-0: Called Strike
0-1: Ball
1-1: Ball
2-1: Foul Ball, location: 2F
2-2: Ground out 3-1 (Groundball, 34S)
José Durango to second
Batting: RHB José Hernández 0-0: Ball
1-0: Ball
2-0: Foul Ball, location: 2F
2-1: Ball
3-1: Base on Balls
Batting: RHB Ángel Serrano 0-0: SINGLE (Groundball, 4D)
José Durango to third
José Hernández to second
Batting: RHB Andrés Silva 0-0: Called Strike
0-1: Swinging Strike
0-2: Ball
1-2: Foul Ball, location: 2F
1-2: Ball
2-2: Reached on error, E5 (Groundball, 56)
José Durango scores
José Hernández to third
Ángel Serrano to second
Batting: RHB Ed Keesee 0-0: Swinging Strike
0-1: Foul Ball, location: 2F
0-2: Strikes out swinging
Top of the 4th over - 1 run(s), 2 hit(s), 1 error(s), 3 left on base; Erie 1 - Evanston 3
BOTTOM OF THE 4TH
Evanston Elitists batting - Pitching for Erie Jaxx : LHP Gary Fox
Batting: SHB Jacob Wilcox 0-0: TRIPLE (Flyball, 89M)
Batting: LHB Javier Mejía 0-0: Called Strike
0-1: Ground out U3 (Groundball, 3L)
Batting: RHB Jorge Calderón 0-0: Called Strike
0-1: Ball
1-1: Called Strike
1-2: Foul Ball, location: 2F
1-2: Fly out, F7 (Flyball, 7S)
Batting: LHB Jean-Sébastien Beaudin 0-0: Ball
1-0: Ball
2-0: Called Strike
2-1: Ball
3-1: Base on Balls
Batting: RHB Henry Morris 0-0: Ball
1-0: Swinging Strike
1-1: Ball
2-1: Ball
3-1: Ground out U3 (Groundball, 34)
Bottom of the 4th over - 0 run(s), 1 hit(s), 0 error(s), 2 left on base; Erie 1 - Evanston 3
TOP OF THE 5TH
Erie Jaxx batting - Pitching for Evanston Elitists : RHP Luis Castillo
Batting: RHB Alfredo Ramírez 0-0: Swinging Strike
0-1: Ball
1-1: Ball
2-1: Foul Ball, location: 2F
2-2: Ground out 5-3 (Groundball, 56S)
Now at 3B: Ángelo Lara
Batting: RHB Júlio Hernández 0-0: Called Strike
0-1: Ball
1-1: Ball
2-1: Foul Ball, location: 2F
2-2: Foul Ball, location: 2F
2-2: Ball
3-2: Base on Balls
Batting: LHB Kyle Robbins 0-0: Ball
Júlio Hernández steals 2nd base
1-0: Ball
2-0: Called Strike
2-1: Ground out 4-3 (Groundball, 4M)
Júlio Hernández to third
Batting: SHB José Durango 0-0: Ball
1-0: Ball
2-0: SINGLE (Line Drive, 7LS)
Júlio Hernández scores
Batting: SHB Michael Field 0-0: Called Strike
0-1: Ground out U3 (Groundball, 34)
Top of the 5th over - 1 run(s), 1 hit(s), 0 error(s), 1 left on base; Erie 2 - Evanston 3
BOTTOM OF THE 5TH
Evanston Elitists batting - Pitching for Erie Jaxx : LHP Gary Fox
Batting: RHB Wilfred Martin 0-0: Called Strike
0-1: SINGLE (Line Drive, 9LS)
Batting: LHB Luis Rodríguez 0-0: Called Strike
0-1: Called Strike
0-2: Foul Ball, location: 2F
0-2: Ball
1-2: Ball
2-2: Foul Ball, location: 2F
2-2: Foul Ball, location: 2F
2-2: Foul Ball, location: 2F
2-2: Fly out, F9 (Flyball, 9LM)
Pitching: LHP Alfredo García
Batting: RHB Miguel Toro 0-0: Called Strike
0-1: Ball
Wild Pitch!
Wilfred Martin to second
1-1: Called Strike
1-2: Foul Ball, location: 2F
1-2: Ball
2-2: Strikes out looking
Batting: LHB Ángelo Lara 0-0: Foul Ball, location: 2F
0-1: Swinging Strike
0-2: Ball
1-2: Strikes out swinging
Bottom of the 5th over - 0 run(s), 1 hit(s), 0 error(s), 1 left on base; Erie 2 - Evanston 3
TOP OF THE 6TH
Erie Jaxx batting - Pitching for Evanston Elitists : RHP Luis Castillo
Pitching: RHP José Padilla
Batting: RHB José Hernández 0-0: Swinging Strike
0-1: Ball
1-1: Ball
2-1: Ground out 5-3 (Groundball, 56)
Batting: RHB Ángel Serrano 0-0: Foul Ball, location: 2F
0-1: Called Strike
0-2: Foul Ball, location: 2F
0-2: Ball
1-2: Ball
2-2: Ball
3-2: SINGLE (Groundball, 6MD)
Batting: RHB Andrés Silva 0-0: Foul Ball, location: 2F
0-1: Grounds into double play, 6-4-3 (Groundball, 56)
Top of the 6th over - 0 run(s), 1 hit(s), 0 error(s), 0 left on base; Erie 2 - Evanston 3
BOTTOM OF THE 6TH
Evanston Elitists batting - Pitching for Erie Jaxx : LHP Alfredo García
Batting: SHB Jacob Wilcox 0-0: Foul Ball, location: 2F
0-1: Ball
1-1: Foul Ball, location: 2F
1-2: SINGLE (Line Drive, 8LS)
Batting: LHB Javier Mejía 0-0: Ball
1-0: Fly out, F9 (Flyball, 9LS)
Batting: RHB Jorge Calderón 0-0: Called Strike
0-1: Ball
1-1: Called Strike
1-2: Ball
2-2: Foul Ball, location: 2F
2-2: Grounds into double play, 4-6-3 (Groundball, 4)
Bottom of the 6th over - 0 run(s), 1 hit(s), 0 error(s), 0 left on base; Erie 2 - Evanston 3
TOP OF THE 7TH
Erie Jaxx batting - Pitching for Evanston Elitists : RHP José Padilla
Batting: RHB Ed Keesee 0-0: Foul Ball, location: 2F
0-1: Foul Ball, location: 2F
0-2: Ball
1-2: DOUBLE (Line Drive, 7LM)
Batting: RHB Alfredo Ramírez 0-0: Ball
1-0: Ball
2-0: Ball
3-0: Base on Balls
Batting: RHB Júlio Hernández 0-0: Ball
1-0: Swinging Strike
1-1: Ball
2-1: Ball
3-1: Foul Ball, location: 2F
3-2: Strikes out looking
Pitching: LHP Wilson Ramos
Batting: LHB Kyle Robbins 0-0: Called Strike
0-1: Ball
1-1: Foul Ball, location: 2F
1-2: Foul Ball, location: 2F
1-2: Foul Ball, location: 2F
1-2: Ball
2-2: Strikes out looking
Pitching: LHP Sam Olson
Batting: SHB José Durango 0-0: Ball
1-0: Swinging Strike
1-1: Called Strike
1-2: Ball
2-2: Strikes out looking
Top of the 7th over - 0 run(s), 1 hit(s), 0 error(s), 2 left on base; Erie 2 - Evanston 3
BOTTOM OF THE 7TH
Evanston Elitists batting - Pitching for Erie Jaxx : LHP Alfredo García
Batting: LHB Jean-Sébastien Beaudin 0-0: Called Strike
0-1: Foul Ball, location: 2F
0-2: Strikes out swinging
Batting: RHB Henry Morris 0-0: Ball
1-0: Ball
2-0: Ball
3-0: Called Strike
3-1: Foul Ball, location: 2F
3-2: Ground out 6-3 (Groundball, 6S)
Batting: RHB Wilfred Martin 0-0: Ball
1-0: Ball
2-0: Ball
3-0: Base on Balls
Batting: LHB Luis Rodríguez 0-0: Ball
1-0: Ball
2-0: Called Strike
2-1: Ball
3-1: Foul Ball, location: 2F
3-2: SINGLE (Groundball, 3D)
Wilfred Martin to second
Wilfred Martin to third
Batting: RHB Miguel Toro 0-0: Ball
Wild Pitch!
Wilfred Martin scores
Luis Rodríguez to second
1-0: Ball
2-0: Called Strike
2-1: Called Strike
2-2: Ball
3-2: Base on Balls
Pinch Hitting: RHB Luis López 0-0: Ball
1-0: Called Strike
1-1: Ball
2-1: Called Strike
2-2: Ball
3-2: Base on Balls
Luis Rodríguez to third
Miguel Toro to second
Batting: SHB Jacob Wilcox 0-0: Ball
1-0: Swinging Strike
1-1: Called Strike
1-2: Strikes out looking
Bottom of the 7th over - 1 run(s), 1 hit(s), 0 error(s), 3 left on base; Erie 2 - Evanston 4
TOP OF THE 8TH
Erie Jaxx batting - Pitching for Evanston Elitists : LHP Sam Olson
Now at 3B: Alberto Varela
Batting: SHB Michael Field 0-0: Called Strike
0-1: Fly out, F2 (Popup, 34S)
Batting: RHB José Hernández 0-0: Ball
1-0: Ball
2-0: Ball
3-0: Called Strike
3-1: SINGLE (Groundball, 4D)
Pitching: RHP Valentín Mejía
Batting: RHB Ángel Serrano 0-0: Ball
1-0: Ball
2-0: Ball
3-0: Called Strike
3-1: Base on Balls
José Hernández to second
Pinch Hitting: RHB William Wilson 0-0: Ball
1-0: Ball
2-0: Swinging Strike
2-1: Ball
3-1: Called Strike
3-2: Strikes out swinging
Batting: RHB Ed Keesee 0-0: Foul Ball, location: 2F
0-1: Swinging Strike
0-2: Hit by Pitch
José Hernández to third
Ángel Serrano to second
Batting: RHB Alfredo Ramírez 0-0: Ball
1-0: Called Strike
1-1: Called Strike
1-2: Ball
2-2: Ball
3-2: Foul Ball, location: 2F
3-2: Strikes out swinging
Top of the 8th over - 0 run(s), 1 hit(s), 0 error(s), 3 left on base; Erie 2 - Evanston 4
BOTTOM OF THE 8TH
Evanston Elitists batting - Pitching for Erie Jaxx : LHP Alfredo García
Pitching: LHP Luis Torres
Now at 1B: Edgardo Castro
Batting: LHB Javier Mejía 0-0: Ball
1-0: Ball
2-0: Called Strike
2-1: Called Strike
2-2: Strikes out swinging, 2-3 out at first.
Batting: RHB Jorge Calderón 0-0: Called Strike
0-1: Ball
1-1: SINGLE (Groundball, 34S) (infield hit)
Batting: LHB Jean-Sébastien Beaudin 0-0: Ball
1-0: Ball
2-0: Fly out, F8 (Flyball, 8RM)
Batting: RHB Henry Morris 0-0: Called Strike
Jorge Calderón is caught stealing 2nd base
Bottom of the 8th over - 0 run(s), 1 hit(s), 0 error(s), 0 left on base; Erie 2 - Evanston 4
TOP OF THE 9TH
Erie Jaxx batting - Pitching for Evanston Elitists : RHP Valentín Mejía
Pitching: RHP Pablo Lima
Batting: RHB Júlio Hernández 0-0: Called Strike
0-1: Ball
1-1: Swinging Strike
1-2: Foul Ball, location: 2F
1-2: Strikes out looking
Batting: LHB Kyle Robbins 0-0: Fly out, F7 (Line Drive, 7LM)
Batting: SHB José Durango 0-0: Foul Ball, location: 2F
0-1: Foul Ball, location: 2F
0-2: Ball
1-2: Ground out 6-3 (Groundball, 6M)
Top of the 9th over - 0 run(s), 0 hit(s), 0 error(s), 0 left on base; Erie 2 - Evanston 4
Tuesday, August 8th, 2017 - OOTP Baseball 17.12 Build 75